 Dungeon Crawl Stone Soup version 0.28-a0-828-g0121872642 (webtiles) character file.

Game seed: 5074825036233202216

4 iamoutofideas the Firebug (level 1, -2/13 HPs)
             Began as a Demonspawn Fire Elementalist on Nov 10, 2021.
             Slain by a hobgoblin (3 damage)
             ... on level 1 of the Dungeon.
             The game lasted 00:00:13 (286 turns).

iamoutofideas the Firebug (DsFE)                     Turns: 286, Time: 00:00:14

Health: -2/13      AC:  2    Str:  8    XL:     1   Next: 58%
Magic:  2/3        EV: 12    Int: 16    God:
Gold:   17         SH:  0    Dex: 13    Spells: 3/4 levels left

rFire   . . .      SeeInvis .   (no weapon)
rCold   . . .      Faith    .   (no shield)
rNeg    . . .      Spirit   .   a - +0 robe
rPois   .          Reflect  .   (no helmet)
rElec   .          Harm     .   (no cloak)
rCorr   .          Rampage  .   (no gloves)
Will    .....                   (no boots)
Stlth   ++........              (no amulet)
HPRegen 0.04/turn               (no ring)
MPRegen 0.08/turn               (no ring)

@: no status effects
A: no striking features
a: no special abilities


You were on level 1 of the Dungeon.
You visited 1 branch of the dungeon, and saw 1 of its levels.

You collected 17 gold pieces.

Inventory:

Armour
 a - a +0 robe (worn)
Scrolls
 b - a scroll of fog {unknown}


   Skills:
 + Level 1.9 Dodging
 + Level 1.7 Stealth
 + Level 2.0 Spellcasting
 + Level 1.0 Conjurations
 + Level 2.8 Fire Magic


You had 3 spell levels left.
You knew the following spells:

 Your Spells              Type           Power      Damage    Failure   Level
a - Foxfire               Conj/Fire      28%        2x1d5     10%         1

Your spell library contained the following spells:

 Spells                   Type           Power      Damage    Failure   Level
 Scorch                   Fire           20%        2d6       10%         2
 Conjure Flame            Conj/Fire      7%         6-21      28%         3
 Inner Flame              Hex/Fire       6%         N/A       34%         3
 Flame Wave               Conj/Fire      7%         3d4       67%         4


Dungeon Overview and Level Annotations

Branches:
Dungeon (1/15)

Altars:


Message History

Confirm with . or Enter, or press ? or * to list all spells.
You conjure some foxfire!
The foxfire hits the hobgoblin.
You kill the hobgoblin!
Your foxfire dissipates!
b - a scroll labelled LET LELILIPNUT
Found a robe and 16 arrows.
A goblin comes into view. It is wielding a +0 club.
Found 15 arrows.
The goblin shouts!
A hobgoblin comes into view.
There are monsters nearby!
Casting: Foxfire (safe; 10% risk of failure)
Confirm with . or Enter, or press ? or * to list all spells.
You conjure some foxfire!
The hobgoblin shouts!
Unknown command.
Casting: Foxfire (safe; 10% risk of failure)
Confirm with . or Enter, or press ? or * to list all spells.
There is not enough space to conjure foxfire!
Unknown command.
Casting: Foxfire (safe; 10% risk of failure)
Confirm with . or Enter, or press ? or * to list all spells.
There is not enough space to conjure foxfire!
You hit the goblin but do no damage.
The foxfire hits the goblin.
The goblin is heavily wounded.
The goblin hits you with a +0 club.
You closely miss the goblin.
The goblin is moderately wounded.
The goblin barely misses you. The hobgoblin closely misses you.
The goblin hits you with a +0 club.
You hit the hobgoblin but do no damage. The hobgoblin hits you.
The goblin hits you with a +0 club.
* * * LOW HITPOINT WARNING * * *
The hobgoblin barely misses you.
You see here 16 arrows.
Casting: Foxfire (safe; 10% risk of failure)
Confirm with . or Enter, or press ? or * to list all spells.
You conjure some foxfire!
The hobgoblin hits you.
You die...

##.........####......##
##.................##
###.............###
#####.......### ###
#########
###########.#####
##.........#.....## #
...#######.#..##v.#.#
#### #...g##.@...#
#(#..[#gv.###
#.#.#(g.### #...##.##
#..##..# ##. ....
########


You could see a hobgoblin (ally target) and a goblin.

Vanquished Creatures
  A bat (D:1)
  2 hobgoblins (D:1)
  A rat (D:1)
4 creatures vanquished.

Vanquished Creatures (others)
  15 foxfires (D:1)
15 creatures vanquished.

Grand Total: 19 creatures vanquished

Notes
Turn   | Place    | Note
-------+----------+-------------------------------------------
     0 | D:1      | iamoutofideas the Demonspawn Fire Elementalist began the
                  | quest for the Orb.
     0 | D:1      | Reached XP level 1. HP: 13/13 MP: 3/3
   286 | D:1      | Slain by a hobgoblin

Illustrated notes

Levels and vault maps discovered:
D:1:      dpeg_arrival_snail, layout_loops_ring, ebering_ecumenical_altar_hall,
          kennysheep_decorative_pillar, minmay_pentomino_r2

Action                   || total
-------------------------++-------
Melee: Unarmed           ||     3
 Cast: Foxfire           ||    11
Dodge: Dodged            ||     3

Table legend: (Time is in decaauts)
 A = Elapsed time spent in this place.
 B = Non-inter-level travel time spent in this place.
 C = Inter-level travel time spent in this place.
 D = Time resting spent in this place.
 E = Time spent auto-exploring this place.
 F = Levels seen in this place.
 G = Mean time per level.
                   A        B        C        D        E       F      G
               +--------+--------+--------+--------+--------+-----+--------+
         Total |    286 |    286 |      0 |      0 |    246 |   1 |  286.0 |
       Dungeon |    286 |    286 |      0 |      0 |    246 |   1 |  286.0 |
               +--------+--------+--------+--------+--------+-----+--------+

Top non-repeatable levels by time:
     D:1: 286 daAuts
